 Dungeon Crawl Stone Soup version 0.21-a0-78-g82a99e0 (webtiles) character file.

100 KristoblXynda the Shield-Bearer (level 4, -1/38 HPs)
             Began as a Draconian Fighter on June 21, 2017.
             Slain by a wight
             ... wielding a +5 spear of freezing
              (7 damage)
             ... on level 3 of the Dungeon.
             The game lasted 00:03:49 (1393 turns).

KristoblXynda the Shield-Bearer (Draconian Fighter) Turns: 1393, Time: 00:03:50

Health: -1/38      AC:  6    Str: 27 (28) XL:     4   Next: 46%
Magic:  4/4        EV: 10    Int:  8 (9)  God:
Gold:   70         SH: 10    Dex:  9 (10) Spells: 3/3 levels left

rFire    . . .     SeeInvis .   a - +0 long sword
rCold    . . .     Gourm    .   b - +0 shield
rNeg     . . .     Faith    .   (armour unavailable)
rPois    .         Spirit   .   (helmet restricted)
rElec    .         Reflect  .   m - +0 cloak
rCorr    .         Harm     .   (no gloves)
MR       .....                  (no boots)
Stlth    +.........             (no amulet)
HPRegen  0.12/turn              o - +4 ring of strength
MPRegen  0.09/turn              (no ring)

@: mighty, very slightly contaminated
A: unfitting armour, cold-blooded, AC +5
a: no special abilities


You were on level 3 of the Dungeon.
You were hungry.

You visited 1 branch of the dungeon, and saw 3 of its levels.

You collected 70 gold pieces.

Inventory:

Hand Weapons
 a - a +0 long sword (weapon)
Armour
 b - a +0 shield (worn)
 m - a +0 cloak (worn)
Jewellery
 o - a +4 ring of strength (left hand)
Scrolls
 e - 2 scrolls of fog {unknown}
 i - 2 scrolls of remove curse {unknown}
 j - 2 scrolls of teleportation {unknown}
 k - a scroll of identify {unknown}
 p - a scroll of blinking {unknown}
Potions
 l - a potion of invisibility
 r - a potion of brilliance
Comestibles
 d - 2 bread rations
 f - a royal jelly
 q - a fruit


   Skills:
 - Level 3.2 Fighting
 + Level 3.2 Long Blades
 + Level 3.3 Dodging
 + Level 4.0 Shields


You had 3 spell levels left.
You didn't know any spells.

Dungeon Overview and Level Annotations

Branches:
Dungeon (3/15)

Altars:


Innate Abilities, Weirdness & Mutations

Your plain brown scales are hard. (AC +5)
You cannot fit into any form of body armour.
You are cold-blooded and may be slowed by cold attacks.


Message History

A kobold comes into view. It is wielding a dagger.
You completely miss Ijyb.
Your tail-slap misses Ijyb.
You block Ijyb's attack. Ijyb hits you but does no damage.
The wight barely misses you.
You closely miss Ijyb. You block Ijyb's attack. Ijyb hits you.
* * * LOW HITPOINT WARNING * * *
The wight misses you.
You slash Ijyb!
Your tail-slap misses Ijyb.
Ijyb is moderately wounded.
You block Ijyb's attack. The kobold barely misses you.
The wight hits you but does no damage. Ijyb barely misses you.
You riposte.
You slice Ijyb!! You tail-slap Ijyb!
You kill Ijyb!
You feel your strength returning.
Your Shields skill increases to level 4!
You block the kobold's attack. The wight completely misses you.
You barely miss the kobold. You tail-slap the kobold.
You kill the kobold!
You block the wight's attack.
The wight hits you with a spear of freezing!
You die...

.# #.# #.# #z#.# #.#.# . #
#.#.# ..
#...#########.#.##...
......).@zw..........
.##.#.#########!..####
....#. #..## #..#.##
#####..# . ##.....#
#.##...# ...
##......####.....#####.....
...#.........#...w..w......
...g.g......$....######....
.............#..## .


You could see a worm and a wight.

Vanquished Creatures
  Ijyb (D:3)
  A gnoll (D:2)
  An adder (D:2)
  A worm (D:2)
  5 dart slugs
  A leopard gecko (D:1)
  2 ball pythons (D:1)
  3 giant cockroaches
  7 goblins
  2 hobgoblins
  A quokka (D:2)
  7 bats
  3 frilled lizards
  5 kobolds
  4 rats
44 creatures vanquished.

Notes
Turn   | Place    | Note
-------+----------+-------------------------------------------
     0 | D:1      | KristoblXynda the Draconian Fighter began the quest for the Orb.
     0 | D:1      | Reached XP level 1. HP: 19/19 MP: 1/1
   206 | D:1      | Reached XP level 2. HP: 26/26 MP: 2/2
   622 | D:1      | Reached XP level 3. HP: 31/31 MP: 3/3
  1293 | D:2      | Reached XP level 4. HP: 22/38 MP: 4/4
  1303 | D:2      | HP: 1/38 [gnoll/spear (5)]
  1368 | D:3      | Noticed Ijyb
  1391 | D:3      | Killed Ijyb
  1391 | D:3      | Reached skill level 4 in Shields
  1393 | D:3      | Slain by a wight

Vault maps used:
D:1:      saegor_arrival_simple_d, nrook_mini_backslash
D:2:      first_bread
D:3:      dancing_weapons_uskayaw, uniq_ijyb, uniq_sigmund, uniq_jessica

Skill      XL: |  1  2  3  4 |
---------------+-------------+-----
Dodging        | 3 |  3.3
Long Blades    | 3 |  3.2
Shields        | 4 |  4.0
Fighting       | |  3.2

Action                   |  1- 3 |  4- 6 || total
-------------------------+-------+-------++-------
Melee: Long sword        |   107 |    17 ||   124
       Tailslap          |    18 |     5 ||    23
  Use: Potion            |       |     5 ||     5
 Stab: Sleeping          |     1 |     1 ||     2
  Eat: Chunk             |     1 |       ||     1
Armor: Skin              |    41 |     8 ||    49
Dodge: Dodged            |    53 |    18 ||    71
Block: Shield            |    57 |    15 ||    72
       Rpst.: Long sword |    22 |     4 ||    26
